 Dungeon Crawl Stone Soup version 0.31-a0-161-gb58dd9be76 (webtiles) character file.

Game seed: 7513827783828976576

277 qw the Shooter (level 6, 0/57 HPs)
             Began as a Naga Hunter on June 12, 2023.
             Slain by a gnoll
             ... wielding a +0 club
             ... led by a gnoll bouda
              (4 damage)
             ... on level 4 of the Dungeon.
             The game lasted 00:01:01 (2852 turns).

qw the Shooter (Naga Hunter)                        Turns: 2852, Time: 00:01:02

Health: 0/57       AC:  4    Str: 13      XL:     6   Next: 25%
Magic:  6/6        EV:  9    Int: 10      God:
Gold:   124        SH:  0    Dex: 14 (16) Spells: 5/5 levels left

rFire   . . .        Y - +1 shortbow
rCold   . . .        (shield currently unavailable)
rNeg    . . .        c - +0 leather armour
rPois   +            (no helmet)
rElec   .            (no cloak)
rCorr   .            l - +0 pair of gloves
SInv    +            (no barding)
Will    .....        (no amulet)
Stlth   ++           (no ring)
HPRegen 0.29/turn    (no ring)
MPRegen 0.10/turn

%: no passive effects
@: about to teleport, short of breath, very slow
A: AC +2, large, see invisible, deformed body, poison resistance, slowness 2,
spit poison 1, naga tail 1
a: Spit Poison


You were on level 4 of the Dungeon.
You visited 1 branch of the dungeon, and saw 4 of its levels.

You collected 124 gold pieces.


Innate Abilities, Weirdness & Mutations

Your serpentine skin is tough. (AC +2)
You have supernaturally acute eyesight. (SInv)
Armour fits poorly on your strangely shaped body.
Your system is resistant to poisons. (rPois)
You cover ground very slowly.
You can spit poison.
You have a snake-like lower body.


   Skills:
 + Level 3.7 Fighting
 - Level 6.0 Ranged Weapons
 - Level 1.5 Dodging
 - Level 1.5 Stealth


You had 5 spell levels left.
You didn't know any spells.
Your spell library was empty.

Inventory:

Hand Weapons
 Y - a +1 shortbow (weapon)
Armour
 c - a +0 leather armour (worn)
 l - a +0 pair of gloves (worn)
Scrolls
 f - a scroll of teleportation
Potions
 a - a potion of curing {unknown}
 b - a potion of brilliance {unknown}
 d - a potion of magic {unknown}
 e - a potion of ambrosia {unknown}
 g - a potion of heal wounds {unknown}
 h - a potion of might {unknown}
 i - a potion of resistance {unknown}
 k - a potion of invisibility {unknown}
 m - a potion of mutation {unknown}

Dungeon Overview and Level Annotations

Branches:
Dungeon (4/15)
 Temple: D:4-7

Altars:


Message History

A goblin comes into view. It is wielding a +0 dagger.
You shoot an arrow.
The arrow hits the gnoll but does no damage.
The gnoll barely misses you.
You shoot an arrow. The arrow closely misses the gnoll.
The arrow hits the gnoll bouda.
The gnoll bouda is moderately wounded.
You have got your breath back.
Your attacks no longer feel as feeble.
The gnoll closely misses you.
2846 ||| INVOKING Spit Poison.
Aiming: Spit Poison (1% risk of failure)
Press: ? - help, Shift-Dir - straight line, f - gnoll bouda, p - gnoll The splash of poison hits the gnoll bouda!
The gnoll bouda is severely wounded.
The gnoll hits you with a +0 whip.
You shoot an arrow.
The arrow barely misses the gnoll bouda.
The gnoll bouda barely misses you. The gnoll hits you with a +0 club. x2
The gnoll barely misses you.
The gnoll bouda zaps a wand.
You suddenly lose the ability to move!
You have got your breath back.
The gnoll hits you with a +0 club. x2; The gnoll hits you with a +0 whip.
The gnoll bouda hits you with a +0 club.
The gnoll hits you with a +0 club. x2; The gnoll hits you with a +0 whip.
The gnoll bouda zaps a wand.
You easily resist.
The gnoll hits you with a +0 club. x2; The gnoll hits you with a +0 whip.
The gnoll bouda hits you with a +0 club!
You can move again.
2851 ||| READING 2 scrolls of teleportation.
As you read the scroll of teleportation, it crumbles to dust.
You feel strangely unstable. The gnoll hits you with a +0 club.
The gnoll closely misses you. The gnoll completely misses you.
The gnoll bouda barely misses you.
2852 ||| INVOKING Spit Poison.
Aiming: Spit Poison (1% risk of failure)
Press: ? - help, Shift-Dir - straight line, f/p - gnoll bouda The splash of poison misses the gnoll bouda.
The gnoll hits you with a +0 club.
You die...

.......## #....#..## ##
.....#...##.#
............##
.............#
............# .....)ggg...#
. .. #@g...##.. #..
##.......# #.
##..##..#..#..# ...
..........#.# .##..#
#........##.# ....## ...
#.........#.##.....# ....#
#............#...... #..#..
#......#.##.........
......##.....######....#...


You could see a gnoll bouda and 3 gnolls.

Vanquished Creatures
  2 hounds
  An orc priest (D:3)
  An iguana (D:3)
  Ijyb (D:3)
  4 adders
  2 gnolls (D:4)
  A worm (D:2)
  3 dart slugs
  3 orcs
  4 endoplasms
  3 giant cockroaches (D:1)
  6 goblins
  7 hobgoblins
  4 jackals
  4 quokkas (D:1)
  5 ball pythons (D:1)
  9 bats
  A frilled lizard (D:2)
  6 kobolds (D:1)
  2 rats (D:1)
69 creatures vanquished.

Notes
Turn   | Place    | Note
-------+----------+-------------------------------------------
     0 | D:1      | qw the Naga Hunter began the quest for the Orb.
     0 | D:1      | Reached XP level 1. HP: 19/19 MP: 1/1
     0 | D:1      | 0 ||| qw: Version: 0.2-a-29-gc1b59c4
     0 | D:1      | 0 ||| qw: Game counter: 4274
     0 | D:1      | 0 ||| qw: Always use a shield: true
     0 | D:1      | 0 ||| qw: God list: Okawaru
     0 | D:1      | 0 ||| qw: Allow faded altars: false
     0 | D:1      | 0 ||| qw: Do Orc after D:15 true
     0 | D:1      | 0 ||| qw: Do second Lair branch before Depths: true
     0 | D:1      | 0 ||| qw: Lair rune preference: random
     0 | D:1      | 0 ||| qw: Plans: Normal
     0 | D:1      | 0 ||| PLANNING D:1-11
    17 | D:1      | 17 ||| INVOKING Spit Poison.
    66 | D:1      | 66 ||| INVOKING Spit Poison.
    69 | D:1      | 69 ||| INVOKING Spit Poison.
    73 | D:1      | 73 ||| INVOKING Spit Poison.
   125 | D:1      | 125 ||| INVOKING Spit Poison.
   130 | D:1      | 130 ||| INVOKING Spit Poison.
   131 | D:1      | Reached skill level 4 in Ranged Weapons
   131 | D:1      | Reached XP level 2. HP: 26/26 MP: 2/2
   139 | D:1      | 139 ||| INVOKING Spit Poison.
   153 | D:1      | 153 ||| INVOKING Spit Poison.
   226 | D:1      | 226 ||| INVOKING Spit Poison.
   297 | D:1      | 297 ||| INVOKING Spit Poison.
   310 | D:1      | 310 ||| INVOKING Spit Poison.
   326 | D:1      | 326 ||| INVOKING Spit Poison.
   336 | D:1      | Reached XP level 3. HP: 32/32 MP: 3/3
   406 | D:1      | 406 ||| INVOKING Spit Poison.
   446 | D:1      | 446 ||| INVOKING Spit Poison.
   453 | D:1      | 453 ||| INVOKING Spit Poison.
   454 | D:1      | 454 ||| INVOKING Spit Poison.
   460 | D:1      | 460 ||| INVOKING Spit Poison.
   486 | D:1      | 486 ||| INVOKING Spit Poison.
   516 | D:1      | 516 ||| INVOKING Spit Poison.
   522 | D:1      | 522 ||| INVOKING Spit Poison.
   527 | D:1      | 527 ||| INVOKING Spit Poison.
   532 | D:1      | 532 ||| INVOKING Spit Poison.
   535 | D:1      | 535 ||| INVOKING Spit Poison.
   564 | D:1      | 564 ||| INVOKING Spit Poison.
   615 | D:1      | 615 ||| INVOKING Spit Poison.
   711 | D:1      | 711 ||| INVOKING Spit Poison.
   812 | D:1      | 812 ||| READING scroll labelled ZOOTZE QODEO.
   815 | D:1      | 815 ||| READING scroll labelled MIVEEV QEZY TEUT.
   816 | D:1      | 816 ||| READING scroll labelled GAIMOFORRU.
   817 | D:1      | 817 ||| READING scroll labelled KOERAS YCRI.
   818 | D:1      | 818 ||| DROPPING scroll of butterflies.
   870 | D:2      | 870 ||| INVOKING Spit Poison.
   898 | D:2      | 898 ||| INVOKING Spit Poison.
   927 | D:2      | 927 ||| INVOKING Spit Poison.
   992 | D:2      | Found a faded altar of an unknown god.
  1008 | D:2      | 1008 ||| INVOKING Spit Poison.
  1013 | D:2      | Reached skill level 5 in Ranged Weapons
  1013 | D:2      | Reached XP level 4. HP: 37/39 MP: 4/4
  1077 | D:2      | 1077 ||| INVOKING Spit Poison.
  1105 | D:2      | 1105 ||| INVOKING Spit Poison.
  1110 | D:2      | 1110 ||| INVOKING Spit Poison.
  1328 | D:2      | 1328 ||| INVOKING Spit Poison.
  1520 | D:2      | 1520 ||| INVOKING Spit Poison.
  1554 | D:2      | 1554 ||| INVOKING Spit Poison.
  1605 | D:2      | 1605 ||| INVOKING Spit Poison.
  1624 | D:2      | 1624 ||| UPGRADING to +0 pair of gloves.
  1629 | D:2      | 1629 ||| READING 2 scrolls labelled DOCLUD UKITO.
  1630 | D:2      | 1630 ||| DRINKING 2 smoky white potions.
  1631 | D:2      | 1631 ||| DROPPING scroll of immolation.
  1632 | D:2      | 1632 ||| DROPPING potion of degeneration.
  1697 | D:3      | Noticed Ijyb
  1699 | D:3      | 1699 ||| INVOKING Spit Poison.
  1701 | D:3      | Paralysed by Ijyb for 2 turns
  1705 | D:3      | 1705 ||| INVOKING Spit Poison.
  1709 | D:3      | 1709 ||| INVOKING Spit Poison.
  1714 | D:3      | 1714 ||| INVOKING Spit Poison.
  1716 | D:3      | Killed Ijyb
  1717 | D:3      | Reached skill level 3 in Fighting
  1821 | D:3      | 1821 ||| INVOKING Spit Poison.
  1824 | D:3      | 1824 ||| INVOKING Spit Poison.
  1825 | D:3      | Reached XP level 5. HP: 49/49 MP: 5/5
  1881 | D:3      | 1881 ||| INVOKING Spit Poison.
  1955 | D:3      | 1955 ||| INVOKING Spit Poison.
  1958 | D:3      | 1958 ||| INVOKING Spit Poison.
  2107 | D:3      | 2107 ||| INVOKING Spit Poison.
  2286 | D:3      | 2286 ||| READING scroll labelled RIARUPSIOCS.
  2309 | D:4      | 2309 ||| INVOKING Spit Poison.
  2313 | D:4      | 2313 ||| STAIRDANCE
  2315 | D:3      | 2315 ||| INVOKING Spit Poison.
  2318 | D:3      | 2318 ||| INVOKING Spit Poison.
  2322 | D:3      | 2322 ||| INVOKING Spit Poison.
  2406 | D:4      | 2406 ||| INVOKING Spit Poison.
  2408 | D:4      | 2408 ||| STAIRDANCE
  2410 | D:3      | 2410 ||| INVOKING Spit Poison.
  2413 | D:3      | 2413 ||| INVOKING Spit Poison.
  2415 | D:3      | HP: 12/49 [orc/+2 heavy mace (12)]
  2416 | D:3      | 2416 ||| READING 2 scrolls of teleportation.
  2416 | D:3      | HP: 5/49 [orc/+2 heavy mace (8)]
  2417 | D:3      | 2417 ||| INVOKING Spit Poison.
  2601 | D:4      | 2601 ||| INVOKING Spit Poison.
  2604 | D:4      | 2604 ||| STAIRDANCE
  2607 | D:3      | 2607 ||| INVOKING Spit Poison.
  2613 | D:3      | Reached XP level 6. HP: 34/56 MP: 6/6
  2689 | D:4      | 2689 ||| INVOKING Spit Poison.
  2692 | D:4      | Reached skill level 6 in Ranged Weapons
  2693 | D:4      | 2693 ||| INVOKING Spit Poison.
  2785 | D:4      | 2785 ||| INVOKING Spit Poison.
  2789 | D:4      | 2789 ||| INVOKING Spit Poison.
  2792 | D:4      | 2792 ||| INVOKING Spit Poison.
  2837 | D:4      | 2837 ||| INVOKING Spit Poison.
  2842 | D:4      | 2842 ||| INVOKING Spit Poison.
  2846 | D:4      | 2846 ||| INVOKING Spit Poison.
  2847 | D:4      | Paralysed by a gnoll bouda for 4 turns
  2850 | D:4      | HP: 14/57 [gnoll/+0 whip[a gnoll bouda] (3)]
  2850 | D:4      | HP: 6/57 [gnoll bouda/+0 club (8)]
  2851 | D:4      | 2851 ||| READING 2 scrolls of teleportation.
  2852 | D:4      | 2852 ||| INVOKING Spit Poison.
  2852 | D:4      | Slain by a gnoll

Levels and vault maps discovered:
D:1:      lightli_arrival_noodles, layout_loops_ring, minmay_tromino_i4
D:2:      layout_basic, dreamdust_ecumenical_altar_angels_and_demons
D:3:      layout_loops_cross, minmay_misc_feat_diagonals, grunt_decor_fettered,
          uniq_ijyb
D:4:      layout_cave_pools, mainiacjoe_overflow_alcove_4, grunt_ministairs_6,
          nicolae_grassy_gnolls

Skill      XL: |  1  2  3  4  5  6 |
---------------+-------------------+-----
Ranged Weapons | 4 5 6 |  6.0
Fighting       | 3 |  3.7
Dodging        | |  1.5
Stealth        | |  1.5

Action                     |  1- 3 |  4- 6 || total
---------------------------+-------+-------++-------
   Fire: Shortbow          |    71 |    92 ||   163
Ability: Spit Poison       |    29 |    36 ||    65
    Use: Scroll            |     4 |     4 ||     8
         Potion            |       |     1 ||     1
 Armour: Leather armour    |    15 |    19 ||    34
  Dodge: Dodged            |    33 |    59 ||    92

Table legend:
 A = Non-vault XP
 B = Vault XP
 C = Vault XP percentage of total XP
 D = Non-vault monster count
 E = Vault monster count
 F = Vault count percentage of total count
                 A         B        C        D         E       F
            +---------+---------+-------+---------+---------+-------
      Total |     269 |     127 |  32.1 |      54 |      15 |  21.7
            +---------+---------+-------+---------+---------+-------
        D:1 |      53 |       6 |  10.2 |      31 |       4 |  11.4
        D:2 |      69 |       0 |   0.0 |      14 |       0 |   0.0
        D:3 |     104 |      83 |  44.4 |       8 |       5 |  38.5
        D:4 |      43 |      38 |  46.9 |       1 |       6 |  85.7
            +---------+---------+-------+---------+---------+-------
